Description

Reaper hellion attack with a fast reactor. Comes with a medivac to drop hellions into the enemy main base.

VOD

https://www.youtube.com/watch?v=Gw21ndd2HBM

Replay - TvT Marus Reaper Hellion Cheese

Build Order

Get SALT Encoding   

  12  0:00  SCV  
  13  0:13  SCV  
  14  0:17  Supply Depot  
  14  0:25  SCV  
  14  0:27  Refinery  
  15  0:38  SCV  
  16  0:44  Barracks  
  16  0:50  SCV  
  16  0:54  Refinery  
  17  1:03  SCV  
  18  1:15  SCV  
  19  1:32  Reaper  
  20  1:33  Orbital Command  
  20  1:35  Factory  
  20  1:45  Supply Depot  
  20  1:59  SCV  
  21  2:05  Barracks Reactor  
  21  2:11  SCV  
  21  2:13  Supply Depot  
  22  2:19  Hellion  
  22  2:22  Starport  
  24  2:26  SCV  
  25  2:40  Hellion  
  25  2:42  Reaper x2  
  30  2:58  Medivac  
  32  3:05  Hellion  
  34  3:09  Supply Depot  
  34  3:14  Reaper x2  
  36  3:30  Starport Tech Lab  
  36  3:31  Factory Tech Lab  
  36  3:34  Command Center  
  37  3:46  Marine x2  
  40  3:56  Cyclone  
  40  4:01  Raven  
  46  4:03  Supply Depot  
  46  4:08  Refinery  
  47  4:31  Marine x2  
  50  4:33  Siege Tank  
  54  4:48  Orbital Command  
  54  4:52  Marine x2  
  62  5:22  Command Center  
Spawning Tool Build Advisor. Get it on Overwolf

Go to:

Details

  • Created by: EighthTime
  • Published on: Jul 20, 2020
  • Modified on: Jul 20, 2020
  • Patch: 4.11.0
  • Difficulty: Medium
Show
View Real Time Build Order
Export as new Build Order

Comments (1)

On Sept. 3, 2020, 7:30 a.m., Jyrolin  said:

This fucker wont stop spamming buttons. I can't watch the fucking video, build sucks

Create an account to comment!